 Dungeon Crawl Stone Soup version 0.28-a0-474-g535839065c (webtiles) character file.

Game seed: 112468403203630246

227 Rennog the Grasshopper (level 6, -3/50 HPs)
             Began as a Gnoll Warper on Sept 16, 2021.
             Killed from afar by a white imp (8 damage)
             ... with a puff of frost
             ... on level 5 of the Dungeon.
             The game lasted 00:05:57 (3518 turns).

Rennog the Grasshopper (Gnoll Warper)               Turns: 3518, Time: 00:05:58

Health: -3/50      AC:  7    Str: 13    XL:     6   Next: 2%
Magic:  11/13      EV: 10    Int: 12    God:
Gold:   108        SH:  0    Dex: 11    Spells: 13/15 levels left

rFire   . . .      SeeInvis .   a - +0 falchion
rCold   . . .      Faith    .   (no shield)
rNeg    . . .      Spirit   .   j - +0 scale mail
rPois   .          Reflect  .   (no helmet)
rElec   .          Harm     .   (no cloak)
rCorr   .          Rampage  .   (no gloves)
Will    .....                   i - +0 pair of boots
Stlth   ..........              (no amulet)
HPRegen 0.16/turn               (no ring)
MPRegen 0.13/turn               (no ring)

@: no status effects
A: fangs 1, strong nose, distributed training
a: no special abilities


You were on level 5 of the Dungeon.
You visited 1 branch of the dungeon, and saw 5 of its levels.

You collected 108 gold pieces.

Inventory:

Hand Weapons
 a - a +0 falchion (weapon)
Missiles
 d - a boomerang of dispersal (quivered)
Armour
 i - a +0 pair of boots (worn)
 j - a +0 scale mail (worn)
Scrolls
 b - 5 scrolls of identify {unknown}
 e - a scroll of holy word {unknown}
 g - 2 scrolls of immolation
 h - 2 scrolls of teleportation {unknown}
 p - a scroll of silence {unknown}
 q - a scroll of amnesia {unknown}
Potions
 c - a potion of brilliance {unknown}
 f - a potion of haste {unknown}
 k - a potion of might {unknown}
 l - 3 potions of heal wounds {unknown}
 m - a potion of attraction {unknown}
 n - a potion of cancellation {unknown}
 o - a potion of degeneration {unknown}


   Skills:
 + Level 4.9 Fighting
 + Level 1.7 Short Blades
 + Level 4.9 Long Blades
 + Level 1.7 Axes
 + Level 1.7 Maces & Flails
 + Level 1.7 Polearms
 + Level 1.7 Staves
 + Level 1.7 Slings
 + Level 1.7 Bows
 + Level 1.7 Crossbows
 + Level 3.1 Throwing
 + Level 3.1 Armour
 + Level 4.9 Dodging
 + Level 1.7 Stealth
 + Level 1.7 Shields
 + Level 1.7 Unarmed Combat
 + Level 5.3 Spellcasting
 + Level 1.3 Conjurations
 + Level 1.3 Hexes
 + Level 1.3 Summonings
 + Level 1.3 Necromancy
 + Level 5.6 Translocations
 + Level 1.3 Transmutations
 + Level 1.3 Fire Magic
 + Level 1.3 Ice Magic
 + Level 1.3 Air Magic
 + Level 1.3 Earth Magic
 + Level 1.3 Poison Magic
 + Level 2.0 Invocations
 + Level 1.7 Evocations


You had 13 spell levels left.
You knew the following spells:

 Your Spells              Type           Power      Damage    Failure   Level
a - Blink                 Tloc           N/A        N/A       13%         2

Your spell library contained the following spells:

 Spells                   Type           Power      Damage    Failure   Level
 Gell's Gravitas          Tloc           8%         N/A       26%         3
 Lesser Beckoning         Tloc           16%        N/A       26%         3
 Teleport Other           Tloc           16%        N/A       26%         3
 Stone Arrow              Conj/Erth      12%        3d7       83%         3
 Manifold Assault         Tloc           16%        N/A       94%         5
 Animate Armour           Summ/Erth      12%        N/A       99%         4
 Lehudib's Crystal Spear  Conj/Erth      3%         10d2      100%        8


Dungeon Overview and Level Annotations

Branches:
Dungeon (5/15)
 Temple: D:4-7

Altars:
Vehumet

Annotations:
D:2 Sigmund


Innate Abilities, Weirdness & Mutations

You have very sharp teeth.
Your uncanny sense of smell can sniff out nearby items.
Your experience applies equally to all skills.


Message History

Casting: Blink (safe; 16% risk of failure)
Confirm with . or Enter, or press ? or * to list all spells.
You blink.
The iguana hisses menacingly.
Found the Grimoire of Changing.
Casting: Blink (safe; 16% risk of failure)
Confirm with . or Enter, or press ? or * to list all spells.
You blink.
Found a book of Dangerous Friends.
You are too injured to fight recklessly!
You are too injured to fight recklessly!
Throw: 2 boomerangs (disperse)
Press: ? - help, Q - select action, (/) - cycle Shift-Dir - straight line, f - iguana
Aim: an iguana (almost dead, 61% to hit)
You throw a boomerang of dispersal.
The boomerang of dispersal hits the iguana.
The iguana blinks!
You kill the iguana!
Your Invocations skill increases to level 2!
You have reached level 6!
Your experience leads to an increase in your attributes!
Increase (S)trength, (I)ntelligence, or (D)exterity?
You feel stronger.
You see here a book of Dangerous Friends.
Found a metallic yellow potion.
A white imp comes into view.
The white imp shouts!
A gnoll comes into view. It is wielding a +0 halberd.
Found a stone staircase leading down.
The gnoll shouts!
The white imp gestures at you. The puff of frost hits you.
* * * LOW HITPOINT WARNING * * *
An ice beast comes into view.
As you read the scroll labelled DIBET BUM FOODD, it crumbles to dust.
The creatures around you are filled with an inner flame!
It was a scroll of immolation.
The white imp gestures at you. The puff of frost hits you!
You die...

....###.#........##.....
...... ........####... .
#.....##.... ..# #..< ..
#..#.##..# #.# ##..
>..#..#.....## #.####...
....g...#.#..####..#.....
...#.5..###..:o......###.
#....#######......# #.
#....@# ...........#..
.........................
..##.....................
. ##.......#...........:
##.....##..........##
#.....###..........
....... ∆ #........


You could see a gnoll (inner flame) and a white imp (inner flame).

Vanquished Creatures
  Jessica (D:3)
  2 iguanas
  Natasha (thrice) (D:3)
  An adder (D:4)
  An ufetubus (D:4)
  2 worms
  A dart slug (D:2)
  4 orcs (D:3)
  A bat (D:3)
  2 endoplasms
  7 hobgoblins
  6 jackals
  A quokka (D:1)
  6 ball pythons
  5 frilled lizards
  3 goblins
  9 kobolds
  2 rats
57 creatures vanquished.

Notes
Turn   | Place    | Note
-------+----------+-------------------------------------------
     0 | D:1      | Rennog the Gnoll Warper began the quest for the Orb.
     0 | D:1      | Reached XP level 1. HP: 20/20 MP: 6/6
   176 | D:1      | Reached XP level 2. HP: 26/26 MP: 7/7
   809 | D:2      | Noticed Sigmund
   833 | D:1      | Learned a level 2 spell: Blink
   892 | D:2      | Reached XP level 3. HP: 31/31 MP: 9/9
   969 | D:2      | Reached skill level 5 in Spellcasting
  1818 | D:2      | Reached skill level 1 in Short Blades
  1818 | D:2      | Reached skill level 1 in Axes
  1818 | D:2      | Reached skill level 1 in Maces & Flails
  1818 | D:2      | Reached skill level 1 in Polearms
  1818 | D:2      | Reached skill level 1 in Staves
  1818 | D:2      | Reached skill level 1 in Slings
  1818 | D:2      | Reached skill level 1 in Bows
  1818 | D:2      | Reached skill level 1 in Crossbows
  1818 | D:2      | Reached skill level 1 in Stealth
  1818 | D:2      | Reached skill level 1 in Shields
  1818 | D:2      | Reached skill level 1 in Unarmed Combat
  1818 | D:2      | Reached skill level 1 in Invocations
  1818 | D:2      | Reached skill level 1 in Evocations
  1937 | D:2      | Found a radiant altar of Vehumet.
  1963 | D:2      | Reached XP level 4. HP: 34/38 MP: 11/11
  2362 | D:3      | Noticed Jessica
  2373 | D:3      | Killed Jessica
  2374 | D:3      | Reached skill level 1 in Conjurations
  2374 | D:3      | Reached skill level 1 in Hexes
  2374 | D:3      | Reached skill level 1 in Summonings
  2374 | D:3      | Reached skill level 1 in Necromancy
  2374 | D:3      | Reached skill level 1 in Transmutations
  2374 | D:3      | Reached skill level 1 in Fire Magic
  2374 | D:3      | Reached skill level 1 in Ice Magic
  2374 | D:3      | Reached skill level 1 in Air Magic
  2374 | D:3      | Reached skill level 1 in Earth Magic
  2374 | D:3      | Reached skill level 1 in Poison Magic
  2520 | D:3      | Noticed Natasha
  2528 | D:3      | Killed Natasha
  2529 | D:3      | Reached XP level 5. HP: 38/43 MP: 12/12
  2582 | D:3      | Noticed Natasha
  2588 | D:3      | Killed Natasha
  2614 | D:3      | Noticed Natasha
  2623 | D:3      | Killed Natasha
  3400 | D:5      | Entered Level 5 of the Dungeon
  3506 | D:5      | Reached XP level 6. HP: 9/50 MP: 9/13
  3516 | D:5      | Noticed an ice beast
  3518 | D:5      | Killed from afar by a white imp

Illustrated notes

Levels and vault maps discovered:
D:1:      matt_arrival_diagonals, layout_loops_ring, minmay_strange_pillars
D:2:      layout_loops_ring, basic_altar, shapermc_ecumenical_altar_mp_vishouse,
          minmay_lizard_pond, uniq_sigmund
D:3:      layout_rooms, uniq_natasha, uniq_jessica
D:4:      layout_rooms, mainiacjoe_overflow_catwalk,
          minmay_temple_entry_from_below_a, kennysheep_another_room
D:5:      layout_cave_pools, corexii_checkpoint_a, st_stairs_3, kennysheep_nub

Skill      XL: |  1  2  3  4  5 |
---------------+----------------+-----
Spellcasting   | 5 |  5.3
Short Blades   | 1 |  1.7
Axes           | 1 |  1.7
Maces & Flails | 1 |  1.7
Polearms       | 1 |  1.7
Staves         | 1 |  1.7
Slings         | 1 |  1.7
Bows           | 1 |  1.7
Crossbows      | 1 |  1.7
Stealth        | 1 |  1.7
Shields        | 1 |  1.7
Unarmed Combat | 1 |  1.7
Invocations    | 1 2 |  2.0
Evocations     | 1 |  1.7
Conjurations   | 1 |  1.3
Hexes          | 1 |  1.3
Summonings     | 1 |  1.3
Necromancy     | 1 |  1.3
Transmutations | 1 |  1.3
Fire Magic     | 1 |  1.3
Ice Magic      | 1 |  1.3
Air Magic      | 1 |  1.3
Earth Magic    | 1 |  1.3
Poison Magic   | 1 |  1.3
Throwing       | 3 |  3.1
Armour         | 3 |  3.1
Fighting       | |  4.9
Long Blades    | |  4.9
Dodging        | |  4.9
Translocations | |  5.6

Action                   |  1- 3 |  4- 6 || total
-------------------------+-------+-------++-------
Melee: Falchion          |    91 |   123 ||   214
       Bite              |     7 |    11 ||    18
       Punch             |       |     1 ||     1
Throw: Boomerang         |     1 |     3 ||     4
 Cast: Blink             |     4 |     3 ||     7
  Use: Scroll            |     1 |     1 ||     2
Armor: Leather armour    |     7 |       ||     7
       Scale mail        |    13 |    34 ||    47
Dodge: Dodged            |    49 |    63 ||   112

Table legend: (Time is in decaauts)
 A = Elapsed time spent in this place.
 B = Non-inter-level travel time spent in this place.
 C = Inter-level travel time spent in this place.
 D = Time resting spent in this place.
 E = Time spent auto-exploring this place.
 F = Levels seen in this place.
 G = Mean time per level.
                   A        B        C        D        E       F      G
               +--------+--------+--------+--------+--------+-----+--------+
         Total |   3539 |   3200 |    339 |    790 |   1834 |   5 |  707.8 |
       Dungeon |   3539 |   3200 |    339 |    790 |   1834 |   5 |  707.8 |
               +--------+--------+--------+--------+--------+-----+--------+

Top non-repeatable levels by time:
     D:1: 1411 daAuts
     D:3: 892 daAuts
     D:2: 889 daAuts
     D:4: 226 daAuts
     D:5: 119 daAuts
